 Dungeon Crawl Stone Soup version 0.22.1-1-ga44c0e56f4 (webtiles) character file.

55 JedernureinKreuz the Conjurer (level 3, 0/26 HPs)
             Began as a Demigod Conjurer on Sept 27, 2018.
             Slain by a gnoll (8 damage)
             ... on level 2 of the Dungeon.
             The game lasted 00:03:27 (1249 turns).

JedernureinKreuz the Conjurer (Demigod Conjurer)    Turns: 1249, Time: 00:03:27

Health: 0/26       AC:  5    Str: 11    XL:     3   Next: 45%
Magic:  0/8        EV: 12    Int: 21    God:
Gold:   66         SH:  0    Dex: 16    Spells: 5/6 levels left

rFire    . . .     SeeInvis .   p - +1 dagger (venom)
rCold    + . .     Gourm    .   (no shield)
rNeg     . . .     Faith    .   l - +2 leather armour {rC+}
rPois    .         Spirit   .   (no helmet)
rElec    .         Reflect  .   (no cloak)
rCorr    .         Harm     .   (no gloves)
MR       .....                  (no boots)
Stlth    ++........             (no amulet)
HPRegen  0.08/turn              (no ring)
MPRegen  0.11/turn              (no ring)

@: no status effects
A: high mp 1
a: no special abilities


You were on level 2 of the Dungeon.
You were very hungry.

You visited 1 branch of the dungeon, and saw 2 of its levels.

You collected 66 gold pieces.

Inventory:

Hand Weapons
 d - a +0 spear
 i - a +0 short sword
 n - a +1 hunting sling of flaming
 p - a +1 dagger of venom (weapon)
Missiles
 m - 20 arrows
 o - 12 bolts
 r - 11 stones (quivered)
Armour
 a - a +0 robe
 l - a +2 leather armour of cold resistance (worn)
Scrolls
 e - a scroll of enchant weapon {unknown}
 g - a scroll of teleportation {unknown}
 h - 2 scrolls of amnesia {unknown}
 j - a scroll of immolation {unknown}
 q - a scroll of fear {unknown}
Potions
 b - a potion of brilliance {unknown}
 f - a potion of curing {unknown}
 k - 2 potions of degeneration {unknown}
Comestibles
 c - 4 rations


   Skills:
 + Level 0.6 Short Blades
 + Level 0.6 Armour
 + Level 2.1 Dodging
 + Level 2.1 Stealth
 + Level 2.1 Spellcasting
 + Level 4.1 Conjurations


You had 5 spell levels left.
You knew the following spells:

 Your Spells              Type           Power        Failure   Level  Hunger
a - Magic Dart            Conj           ###.         3%          1    #......

Your spell library contained the following spells:

 Spells                   Type           Power        Failure   Level  Hunger
 Searing Ray              Conj           ###...       5%          2    ##.....
 Confusing Touch          Hex            #.....       19%         1    #......
 Dazzling Spray           Conj/Hex       ##....       24%         3    ###....
 Iskenderun's Mystic Bla  Conj           ###.....     34%         4    #####..
 Confuse                  Hex            #.......     50%         3    ###....
 Gell's Gravitas          Tloc           #.........   50%         3    ###....
 Force Lance              Conj/Tloc      ##......     63%         4    #####..
 Fulminant Prism          Conj/Hex       ##........   63%         4    #####..
 Petrify                  Tmut/Erth      #.......     88%         4    #####..
 Metabolic Englaciation   Hex/Ice        #.........   99%         5    ######.
 Yara's Violent Unravell  Hex/Tmut       #.........   99%         5    ######.


Dungeon Overview and Level Annotations

Branches:
Dungeon (2/15)


Innate Abilities, Weirdness & Mutations

You have an increased reservoir of magic. (+10% MP)


Message History

Confirm with . or Enter, or press ? or * to list all spells.
Aiming: Magic Dart (safe; 3% risk of failure)
Press: ? - help, Shift-Dir - straight line, f/p - gnoll
Aim: a gnoll, wielding a club (severely wounded)
The magic dart hits the gnoll.
You kill the gnoll!
You barely miss the gnoll. The gnoll barely misses you.
You hit the gnoll.
The gnoll is lightly wounded.
The gnoll closely misses you.
You barely miss the gnoll.
The gnoll is lightly wounded.
The gnoll hits you but does no damage.
You hit the gnoll.
The gnoll is poisoned.
The gnoll is lightly wounded.
The gnoll barely misses you.
You hit the gnoll.
The gnoll looks as sick as possible!
The gnoll is severely wounded.
The gnoll hits you!
You die...

#.#....# #....).# .#
###.##.# .# #.# # .#
#.# .# #.# .# #. #.#
.# # #.. #g# .##.# ..
#@# ....#.####.###
#.# .####........#
#.# .# #........# #.#
.# #........###.# .#
#............# .#
#....)...######.# .#
#................
.####........######.#


You could see a gnoll.

Vanquished Creatures
  2 gnolls (D:2)
  An adder (D:2)
  An ooze (D:1)
  2 dart slugs (D:1)
  2 goblins (D:1)
  5 hobgoblins
  A frilled lizard (D:1)
  4 kobolds
  A rat (D:1)
19 creatures vanquished.

Notes
Turn   | Place    | Note
-------+----------+-------------------------------------------
     0 | D:1      | JedernureinKreuz the Demigod Conjurer began the quest for
                  | the Orb.
     0 | D:1      | Reached XP level 1. HP: 14/14 MP: 5/5
   152 | D:1      | Reached XP level 2. HP: 20/20 MP: 4/7
   315 | D:1      | Reached skill level 4 in Conjurations
   983 | D:2      | Reached XP level 3. HP: 22/26 MP: 5/8
  1249 | D:2      | Slain by a gnoll

Skill      XL: |  1  2 |
---------------+-------+-----
Spellcasting   | 2 |  2.1
Conjurations   | 4 |  4.1
Dodging        | 2 |  2.1
Stealth        | 2 |  2.1
Short Blades   | |  0.6
Armour         | |  0.6

Action                   || total
-------------------------++-------
Melee: Spear             ||     2
       Short sword       ||    14
       Dagger            ||     6
 Cast: Magic Dart        ||    46
Armor: Robe              ||     1
       Leather armour    ||     3
Dodge: Dodged            ||    30
